 Dungeon Crawl Stone Soup version 0.19.1 (webtiles) character file.

17 Host24 the Grave Robber (level 2, 0/16 HPs)
             Began as a Kobold Necromancer on Dec 18, 2016.
             Slain by a jackal (2 damage)
             ... on level 1 of the Dungeon.
             The game lasted 00:02:49 (1023 turns).

Host24 the Grave Robber (Kobold Necromancer)        Turns: 1023, Time: 00:02:50

Health: 0/16       AC:  2    Str:  5    XL:     2   Next: 80%
Magic:  1/6        EV: 15    Int: 16    God:
Gold:   45         SH:  0    Dex: 15    Spells: 2 memorised, 5 levels left

rFire  . . .     SeeInvis .     j - +0 spear
rCold  . . .     Gourm    .     a - +0 robe
rNeg   . . .     Faith    .     (shield restricted)
rPois  .         Spirit   .     (no helmet)
rElec  .         Reflect  .     (no cloak)
rCorr  .         Harm     .     (no gloves)
MR     .....                    (no boots)
Stlth  ++........               (no amulet)
                                (no ring)
                                (no ring)

@: no status effects
A: carnivore 3
a: no special abilities


You were on level 1 of the Dungeon.
You were very full.

You visited 1 branch of the dungeon, and saw 1 of its levels.

You collected 45 gold pieces.

Inventory:

Hand Weapons
 j - a +0 spear (weapon)
 q - a +0 falchion
 r - a +0 short sword
 s - a +0 hand axe
Missiles
 l - 32 stones (quivered)
Armour
 a - a +0 robe (worn)
 m - a +2 ring mail of fire resistance
Jewellery
 d - a cursed amulet of inaccuracy {unknown}
Scrolls
 g - a scroll of random uselessness {unknown}
 h - 2 scrolls of teleportation {unknown}
 i - a scroll of enchant weapon {unknown}
 k - a scroll of recharging {unknown}
 n - a scroll of immolation {unknown}
 p - a scroll of remove curse {unknown}
Potions
 e - a potion of curing {unknown}
 f - a potion of degeneration {unknown}
Books
 b - a book of Necromancy

   Spells                             Type                      Level
   a - Pain                           Necromancy                   1
   b - Animate Skeleton               Necromancy                   1
   c - Vampiric Draining              Necromancy                   3
   d - Regeneration                   Charms/Necromancy            3
   e - Animate Dead                   Necromancy                   4
   f - Control Undead                 Necromancy                   4
Comestibles
 c - 3 meat rations


   Skills:
 + Level 1.0 Fighting
 - Level 2.4 Dodging
 - Level 2.6 Stealth
 - Level 3.0 Spellcasting
 - Level 4.0 Necromancy


You had 5 spell levels left.
You knew the following spells:

 Your Spells              Type           Power        Failure   Level  Hunger
a - Pain                  Necr           ###.         4%          1    #......
b - Animate Skeleton      Necr           N/A          4%          1    #......


Dungeon Overview and Level Annotations

Branches:
Dungeon (1/15)

Altars:


Innate Abilities, Weirdness & Mutations

You are small and have problems with some larger weapons.
You are carnivorous and can eat meat at any time.


Message History

The jackal writhes in agony!
The jackal bites you.
* * * LOW HITPOINT WARNING * * *
You barely miss the jackal.
The jackal is heavily wounded.
The jackal bites you.
* * * LOW HITPOINT WARNING * * *
You hit the jackal but do no damage.
The jackal is heavily wounded.
The jackal closely misses you.
The jackal bites you but does no damage.
You hit the jackal but do no damage.
The jackal is heavily wounded.
The jackal barely misses you. x2
You hit the jackal but do no damage.
The jackal is heavily wounded.
The jackal misses you.
You closely miss the jackal.
The jackal is heavily wounded.
The jackal misses you. The jackal bites you.
You die...

#############
#.@.........#
#h#########.#
#†#8###8###.###
#........##...#
#...h....8#...#####
#........##......>.
#.#8##...##...###.#
#.### ..##...###.#
#.# .8#........


You could see a jackal.

Vanquished Creatures
  A dart slug (D:1)
  A giant cockroach (D:1)
  2 goblins (D:1)
  2 jackals (D:1)
  3 bats (D:1)
  2 kobolds (D:1)
  4 rats (D:1)
15 creatures vanquished.

Notes
Turn   | Place    | Note
-------+----------+-------------------------------------------
     0 | D:1      | Host24 the Kobold Necromancer began the quest for the Orb.
     0 | D:1      | Reached XP level 1. HP: 10/10 MP: 3/3
     2 | D:1      | Learned a level 1 spell: Animate Skeleton
   440 | D:1      | Reached XP level 2. HP: 10/15 MP: 0/5
  1010 | D:1      | Reached skill level 1 in Fighting
  1023 | D:1      | Slain by a jackal

Skill      XL: |  1  2 |
---------------+-------+-----
Spellcasting   | 3 |  3.0
Fighting       | 1 |  1.0
Dodging        | |  2.4
Stealth        | |  2.6
Necromancy     | |  4.0

Action                   || total
-------------------------++-------
Melee: Unarmed           ||     1
       Spear             ||     8
 Cast: Pain              ||    32
       Animate Skeleton  ||     8
  Eat: Chunk             ||     8
Armor: Robe              ||     4
Dodge: Dodged            ||    19
